 Dungeon Crawl Stone Soup version 0.27.1-33-g824d729ab1 (webtiles) character file.

Game seed: 2066719339627782017

4685 styxcanada the Covert (level 10, -22/51 HPs)
             Began as a Spriggan Brigand on Dec 11, 2021.
             Was an Initiate of Gozag.
             Annihilated by a skeletal warrior (26 damage)
             ... led by a skeletal warrior
             ... on level 9 of the Dungeon.
             The game lasted 00:46:05 (8979 turns).

styxcanada the Covert (Spriggan Brigand)            Turns: 8979, Time: 00:46:06

Health: -22/51     AC:  5    Str:  7    XL:     10   Next: 21%
Magic:  16/19      EV: 30    Int: 12    God:    Gozag
Gold:   469        SH:  7    Dex: 21    Spells: 18/20 levels left

rFire    . . .     SeeInvis +   n - +2 dagger (elec)
rCold    + . .     Faith    .   D - +0 buckler {rPois}
rNeg     . . .     Spirit   .   b - +0 robe
rPois    +         Reflect  .   (helmet restricted)
rElec    .         Harm     .   B - +1 cloak {rPois}
rCorr    .         Rampage  .   (gloves unavailable)
Will     ++...                  (boots unavailable)
Stlth    ++++++....             g - amulet of regeneration
HPRegen  1.17/turn              N - +4 ring of evasion
MPRegen  0.16/turn              u - +4 ring of evasion

@: studying 2 skills, very quick
A: very small, no large weapons, unfitting armour, see invisible, speed 3, cold
resistance 1, strong-willed 1, shaggy fur 1
a: Renounce Religion, Potion Petition, Call Merchant, Bribe Branch


You were on level 9 of the Dungeon.
You worshipped Gozag.
Gozag was aware of your devotion.
You visited 1 branch of the dungeon, and saw 9 of its levels.

You collected 2610 gold pieces.
You spent 2103 gold pieces at shops.
You paid 38 gold pieces to Gozag.

Inventory:

Hand Weapons
 a - a +2 dagger
 n - a +2 dagger of electrocution (weapon)
 o - a +0 hunting sling
 t - a +4 quarterstaff of chaos
 w - a +0 dagger of protection
 y - a +1 dagger of venom
 I - the +7 war axe of the Secret Eyes {vorpal, rElec rF+ rN+ Will-}
   (You found it on level 8 of the Dungeon)

   It inflicts extra damage upon your enemies.
   rF:        It protects you from fire.
   rElec:     It insulates you from electricity.
   rN:        It protects you from negative energy.
   Will:      It decreases your willpower.
Missiles
 d - 47 poisoned darts (quivered)
 e - 8 curare-tipped darts
 f - 303 stones
 m - 5 silver boomerangs
 r - 12 atropa-tipped darts
 E - 9 boomerangs
 K - 2 throwing nets
 O - 10 sling bullets
Armour
 b - a +0 robe (worn)
 B - a +1 cloak of poison resistance (worn)
 D - a +0 buckler of poison resistance (worn)
Jewellery
 g - an amulet of regeneration (around neck)
 l - a ring of poison resistance
 u - a +4 ring of evasion (right hand)
 F - a ring of magical power
 H - a ring of protection from cold
 L - a ring of wizardry
 N - a +4 ring of evasion (left hand)
 Q - a ring of protection from fire
Wands
 c - a wand of paralysis (21)
 z - a wand of iceblast (6)
 C - a wand of flame (16)
 J - a wand of charming (4)
 M - a wand of mindburst (12)
Scrolls
 h - 2 scrolls of immolation
 i - 3 scrolls of teleportation
 A - 3 scrolls of identify
 G - 2 scrolls of amnesia
Potions
 j - 4 potions of curing
 k - a potion of haste
 p - a potion of invisibility
 q - a potion of mutation
 s - 2 potions of brilliance
 v - 2 potions of berserk rage
Miscellaneous
 x - a piece from Xom's chessboard (15/15)
 P - a lightning rod (4/4)
 R - a phial of floods


   Skills:
 * Level 4.6 Fighting
 + Level 5.0 Short Blades
 + Level 3.2(5.2) Slings
 + Level 5.3(5.6) Throwing
 * Level 7.0 Dodging
 * Level 12.8 Stealth
 * Level 2.4 Shields
 * Level 5.5 Spellcasting
 * Level 6.0 Translocations
 * Level 5.1 Evocations


You had 18 spell levels left.
You knew the following spells:

 Your Spells              Type           Power      Damage    Failure   Level
a - Blink                 Tloc           N/A        N/A       3%          2

Your spell library contained the following spells:

 Spells                   Type           Power      Damage    Failure   Level
 Lesser Beckoning         Tloc           8%         N/A       7%          3
 Beastly Appendage        Tmut           6%         N/A       26%         1
 Wereblood                Tmut           3%         N/A       38%         2
 Manifold Assault         Tloc           17%        N/A       52%         5
 Spider Form              Tmut/Pois      1%         N/A       63%         3


Dungeon Overview and Level Annotations

Branches:
Dungeon (9/15)             Temple (0/1) D:7             Orc (0/2) D:9
   Lair: D:8-11

Altars:
Ashenzari
Gozag
Xom
Beogh

Shops:
D:1 *   D:3 (   D:6 [   D:8 :   D:9 ?

Annotations:
D:9 3 runed translucent doors, Whoops's ghost, novice GnFi


Innate Abilities, Weirdness & Mutations

You are very small and have problems with some larger weapons.
You are too small for most types of armour.
You have supernaturally acute eyesight. (SInv)
You cover ground extremely quickly. (Speed+++)
Your flesh is cold resistant. (rC+)
You are strong-willed. (Will+)
You are covered in fur. (AC +1)


Message History

Your orc warrior hits the skeletal warrior with a +0 dire flail!
The skeletal warrior closely misses you.
Casting: Blink (safe; 3% risk of failure)
Confirm with . or Enter, or press ? or * to list all spells.
You blink.
The killer bee completely misses you. x2
You hit the killer bee but do no damage.
The killer bee completely misses you. You block the killer bee's attack.
The killer bee stings you but does no damage.
The six-headed hydra completely misses you.
The six-headed hydra bites you!
The six-headed hydra completely misses you.
The six-headed hydra closely misses you.
The six-headed hydra completely misses you.
The six-headed hydra bites you! The killer bee closely misses you.
The killer bee misses you.
You see here a phial of floods.
R - a phial of floods The killer bee misses you.
The killer bee stings you! You block the killer bee's attack.
The six-headed hydra misses you.
The six-headed hydra completely misses you.
The six-headed hydra barely misses you.
The six-headed hydra closely misses you.
The six-headed hydra bites you!
* * * LOW HITPOINT WARNING * * *
The six-headed hydra completely misses you.
The killer bee completely misses you. x3
The killer bee completely misses you.
Something closely misses the skeletal warrior.
Casting: Blink (safe; 3% risk of failure)
Confirm with . or Enter, or press ? or * to list all spells.
You blink.
The skeletal warrior hits you with a +0 hand axe!
* * * LOW HITPOINT WARNING * * *
You closely miss the skeletal warrior.
The skeletal warrior is lightly damaged.
The skeletal warrior hits you with a +0 hand axe!!
Ouch! That really hurt!
You die...
Your body crumbles into a pile of gold.

#.# #.....# #.## #.....# #..##
#....## #...###.....## ####
#...#.......#
##..#######..o........ ..####
#8..y⌠.⌠.#..##.....### ......
#§..yyz....###.o[..# ....#
#8..D@z⌠o.###......# ##...#
##..####.## #......## #...#
########## ##...##.(## #...#
#...# #..## #...####>.# #...#
#..## ##..###..## #... ))..#
#..####...##...#####... ....#
##......)(....))..##.(..
##########........#.).###(.(.....
.(.(...#..........##..# ###.....#


You could see a six-headed hydra, 2 skeletal warriors, 3 killer bees and a
friendly orc warrior (charmed).

Vanquished Creatures
  An unseen horror (D:6)
  Grinder (D:5)
  A hornet (D:9)
  3 yaks (D:9)
  A water moccasin (D:6)
  11 orc warriors
  A sky beast (D:6)
  2 black bears
  An ogre (D:5)
  A necrophage (D:6)
  3 centaurs
  A phantom (D:6)
  A kobold brigand (D:9)
  A bullfrog (D:8)
  2 gnoll sergeants
  A scorpion (D:6)
  3 killer bees (D:8)
  4 wights (D:9)
  3 centaur zombies
  3 orc priests
  3 jellies
  A gnoll shaman (D:8)
  Crazy Yiuf (D:5)
  A bullfrog skeleton (D:5)
  An iguana (D:6)
  6 orc wizards
  A hound skeleton (D:4)
  20 gnolls
  8 adders
  2 howler monkey skeletons
  A shadow imp (D:7)
  3 adder skeletons (D:4)
  A worm (D:3)
  A dart slug (D:2)
  47 orcs
  9 ball pythons
  3 bats
  8 endoplasms
  3 giant cockroaches
  9 goblins
  9 hobgoblins
  4 jackals (D:5)
  7 quokkas
  4 frilled lizards
  17 kobolds
  6 rats
221 creatures vanquished.

Vanquished Creatures (collateral kills)
  2 kobolds (D:9)
2 creatures vanquished.

Vanquished Creatures (others)
  A kobold brigand (D:9)
1 creature vanquished.

Grand Total: 224 creatures vanquished

Notes
Turn   | Place    | Note
-------+----------+-------------------------------------------
     0 | D:1      | styxcanada the Spriggan Brigand began the quest for the
                  | Orb.
     0 | D:1      | Reached XP level 1. HP: 10/10 MP: 2/2
    26 | D:1      | Found Tasoq's General Store.
    54 | D:1      | Reached skill level 6 in Stealth
   276 | D:1      | Reached XP level 2. HP: 14/14 MP: 3/3
   569 | D:1      | Reached skill level 7 in Stealth
   682 | D:1      | Found a faded altar of an unknown god.
  1086 | D:2      | Reached XP level 3. HP: 18/18 MP: 4/4
  1694 | D:2      | Reached XP level 4. HP: 23/23 MP: 5/5
  2306 | D:3      | Reached skill level 8 in Stealth
  2463 | D:3      | Found Vaduhev's Weapon Shoppe.
  2540 | D:3      | Reached XP level 5. HP: 26/26 MP: 6/6
  2543 | D:3      | Learned a level 2 spell: Blink
  2564 | D:3      | Found an opulent altar of Gozag.
  2570 | D:3      | Became a worshipper of Gozag Ym Sagoz the Greedy
  3048 | D:4      | Reached skill level 1 in Spellcasting
  3372 | D:4      | Identified a scroll of acquirement
  3372 | D:4      | Acquired 1034 gold pieces
  3567 | D:4      | Reached skill level 1 in Translocations
  3720 | D:4      | Reached XP level 6. HP: 27/30 MP: 8/8
  3992 | D:5      | Entered Level 5 of the Dungeon
  4132 | D:5      | Reached skill level 1 in Evocations
  4161 | D:5      | Reached skill level 9 in Stealth
  4166 | D:5      | Found a broken altar of Ashenzari.
  4291 | D:5      | Reached XP level 7. HP: 35/35 MP: 10/10
  4460 | D:5      | Found a runed translucent door.
  4461 | D:5      | Noticed Crazy Yiuf
  4468 | D:5      | Killed Crazy Yiuf
  4780 | D:5      | Noticed Grinder
  4805 | D:5      | Paralysed by Grinder for 2 turns
  4808 | D:5      | Killed Grinder
  5082 | D:6      | Reached skill level 10 in Stealth
  5087 | D:6      | Reached XP level 8. HP: 40/40 MP: 11/13
  5531 | D:6      | Gained mutation: You are strong-willed. (Will+) [potion of
                  | mutation]
  5531 | D:6      | Gained mutation: You are covered in fur. (AC +1) [potion of
                  | mutation]
  5531 | D:6      | Gained mutation: Your flesh is cold resistant. (rC+)
                  | [potion of mutation]
  5624 | D:6      | Noticed an unseen horror
  5637 | D:6      | Killed an unseen horror
  5638 | D:6      | Reached skill level 11 in Stealth
  5957 | D:6      | Found Rialuin's Armour Emporium.
  5963 | D:6      | Bought a +0 buckler of poison resistance for 93 gold pieces
  6093 | D:7      | Reached skill level 1 in Shields
  6262 | D:7      | Found a staircase to the Ecumenical Temple.
  6398 | D:7      | Reached XP level 9. HP: 44/44 MP: 15/15
  6964 | D:8      | Reached skill level 5 in Dodging
  7329 | D:8      | Found Amaugom's Self-Improvement Boutique.
  7329 | D:8      | Identified the +7 war axe of the Secret Eyes {vorpal, rElec
                  | rF+ rN+ Will-}
  7487 | D:8      | Bought a manual of Dodging for 960 gold pieces
  7487 | D:8      | Bought a manual of Fighting for 960 gold pieces
  7585 | D:8      | Reached skill level 12 in Stealth
  8063 | D:9      | Reached skill level 1 in Slings
  8143 | D:9      | Found Comin's Magic Scroll Shoppe.
  8165 | D:9      | Bought a scroll of identify for 30 gold pieces
  8165 | D:9      | Bought a scroll of identify for 30 gold pieces
  8165 | D:9      | Bought a scroll of identify for 30 gold pieces
  8275 | D:9      | Reached skill level 5 in Translocations
  8429 | D:9      | Reached skill level 5 in Spellcasting
  8541 | D:9      | Reached skill level 5 in Throwing
  8559 | D:9      | Found a runed translucent gate.
  8559 | D:9      | Found a runed translucent gate.
  8559 | D:9      | Found a runed translucent gate.
  8559 | D:9      | Noticed Whoops's ghost (novice GnFi)
  8576 | D:9      | Found a staircase to the Orcish Mines.
  8605 | D:9      | Found a shimmering altar of Xom.
  8606 | D:9      | Noticed an angel
  8627 | D:9      | Reached XP level 10. HP: 51/51 MP: 18/18
  8728 | D:9      | Reached skill level 5 in Short Blades
  8728 | D:9      | Reached skill level 5 in Evocations
  8877 | D:9      | Noticed a skeletal warrior
  8878 | D:9      | Noticed a skeletal warrior
  8881 | D:9      | Noticed a skeletal warrior
  8881 | D:9      | Noticed a skeletal warrior
  8966 | D:9      | Noticed a six-headed hydra
  8979 | D:9      | Annihilated by a skeletal warrior

Illustrated notes

Levels and vault maps discovered:
D:1:      eino_arrival_water_cross, layout_basic, serial_corexii_hall,
          corexii_hall_statues_deadend, chequers_hall_statues_wall_a,
          serial_shops, shop, shapermc_ecumenical_altar_mp_vishouse
D:2:      layout_loops_ring
D:3:      layout_basic, mainiacjoe_overflow_tiny_flanked, serial_shops, shop,
          grunt_decor_resistance, grunt_decor_one_mirror
D:4:      layout_loops_ring, skrybe_limestone_x, minmay_checkerbox
D:5:      layout_layer_cave, cheibrodos_ashenzari_chains, uniq_grinder,
          uniq_crazy_yiuf_cottage
D:6:      layout_loops_ring, serial_glass, glass_columns_a, glass_columns_c,
          serial_shops, shop_statue
D:7:      layout_rooms, minmay_temple_entry_mist
D:8:      layout_basic, nicolae_shop_self_help
D:9:      layout_layer_cave, grunt_temple_overflow_order_and_chaos_1,
          david_orc_5, serial_shops, nicolae_shop_statue_plus,
          ebering_ghost_rock_garden, chequers_avenue, abandoned_shop,
          small_chamber_with_monster, kennysheep_generic_room_11

Skill      XL: |  1  2  3  4  5  6  7  8  9 10 |
---------------+-------------------------------+-----
Stealth        | 6 7 8 9 10 11 12 | 12.8
Dodging        | 2 3 4 6 7 |  7.0
Fighting       | 2 3 4 |  4.6
Short Blades   | 3 4 5 |  5.0
Spellcasting   | 1 2 3 5 |  5.5
Translocations | 1 2 3 4 5 6 |  6.0
Throwing       | 3 4 5 |  5.3
Evocations     | 1 2 4 5 |  5.1
Shields        | 1 2 |  2.4
Slings         | 3 |  3.2

Action                   |  1- 3 |  4- 6 |  7- 9 | 10-12 || total
-------------------------+-------+-------+-------+-------++-------
Melee: Dagger            |   125 |   118 |   205 |    67 ||   515
 Fire: Hunting sling     |       |     7 |    32 |    14 ||    53
Throw: Dart              |     5 |    63 |    80 |     5 ||   153
 Cast: Blink             |       |       |       |     2 ||     2
Evoke: Wand              |       |       |    13 |     6 ||    19
  Use: Scroll            |       |     5 |    10 |       ||    15
       Potion            |       |       |     2 |       ||     2
 Stab: Sleeping          |    21 |    13 |    21 |     2 ||    57
       Distracted        |       |     2 |       |       ||     2
Armor: Robe              |    16 |     4 |    11 |     3 ||    34
Dodge: Dodged            |    75 |    59 |   144 |    60 ||   338
Block: Buckler           |       |       |    39 |    24 ||    63
